 Dungeon Crawl Stone Soup version 0.24.0-37-gcf1ca852f1 (webtiles) character file.

Game seed: 5866256799401107232, levelgen mode: deterministic

306 H0rd4k the Magician (level 6, 0/33 HPs)
             Began as a Deep Elf Wizard on Nov 22, 2019.
             Killed from afar by an orc wizard (8 damage)
             ... with a magic dart
             ... on level 4 of the Dungeon.
             The game lasted 00:09:02 (4119 turns).

H0rd4k the Magician (Deep Elf Wizard)               Turns: 4119, Time: 00:09:03

Health: 0/33       AC:  3    Str:  4    XL:     6   Next: 16%
Magic:  15/18      EV: 13    Int: 25    God:
Gold:   188        SH:  0    Dex: 13    Spells: 9/19 levels left

rFire    . . .     SeeInvis +   (no weapon)
rCold    . . .     Gourm    .   (no shield)
rNeg     . . .     Faith    .   a - +0 robe
rPois    .         Spirit   .   b - +1 hat
rElec    .         Reflect  .   u - scarf {cloud immunity}
rCorr    .         Harm     .   (no gloves)
MR       .....                  (no boots)
Stlth    ++++......             (no amulet)
HPRegen  0.11/turn              t - ring of see invisible
MPRegen  0.16/turn              m - ring of stealth

@: slowed, very slow
A: no striking features
a: no special abilities


You were on level 4 of the Dungeon.
You were not hungry.

You visited 1 branch of the dungeon, and saw 4 of its levels.

You collected 188 gold pieces.

Inventory:

Missiles
 j - 12 poisoned darts (quivered)
Armour
 a - a +0 robe (worn)
 b - a +1 hat (worn)
 u - a scarf of cloud immunity (worn)
Jewellery
 k - an uncursed ring of flight
 m - a ring of stealth (right hand)
 t - a ring of see invisible (left hand)
Wands
 l - a wand of acid (7)
Scrolls
 e - a scroll of fear
 g - a scroll of remove curse
 h - 4 scrolls of teleportation
 o - a scroll of magic mapping
 r - a scroll of identify
 v - a scroll of blinking
Potions
 c - a potion of curing {unknown}
 f - a potion of berserk rage
 i - a potion of haste
 n - a potion of degeneration {unknown}
 p - a potion of magic
 q - a potion of mutation {unknown}
Comestibles
 d - 6 rations


   Skills:
 + Level 0.3 Fighting
 + Level 3.1 Dodging
 + Level 4.3 Stealth
 + Level 7.3 Spellcasting
 + Level 3.0 Conjurations
   Level 1.1 Summonings
 + Level 1.1 Translocations


You had 9 spell levels left.
You knew the following spells:

 Your Spells              Type           Power        Failure   Level  Hunger
a - Magic Dart            Conj           ###.         1%          1    None
b - Blink                 Tloc           N/A          6%          2    None
c - Conjure Flame         Conj/Fire      ###.....     11%         3    None
d - Mephitic Cloud        Conj/Pois/Air  ##......     13%         3    None
e - Apportation           Tloc           ##....       4%          1    None

Your spell library contained the following spells:

 Spells                   Type           Power        Failure   Level  Hunger
 Summon Small Mammal      Summ           ##..         4%          1    None
 Animate Skeleton         Necr           N/A          6%          1    None
 Confusing Touch          Hex            #.....       6%          1    None
 Call Imp                 Summ           ##......     6%          2    None
 Slow                     Hex            #.......     10%         2    None


Dungeon Overview and Level Annotations

Branches:
Dungeon (4/15)
 Temple: D:4-7

Altars:
Xom

Annotations:
D:2 exclusion: 2 downstairs
D:4 Edmund, Sigmund


Message History

The orc wizard mumbles some strange words.
The orc wizard blinks!
The orc wizard casts a spell.
The orc wizard blinks!
The orc wizard gestures at you while chanting.
The magic dart hits you!
The orc wizard casts a spell.
The orc wizard seems to speed up.
Sigmund says, "Don't worry, I'll kill you fast."
The orc priest calls upon Beogh to heal the orc wizard.
The orc wizard is healed somewhat.
The orc wizard gestures at you while chanting.
The puff of flame hits you!
* * * LOW HITPOINT WARNING * * *
Sigmund gestures wildly while chanting.
Sigmund flickers and vanishes for a moment.
There is a stone staircase leading down here.
The orc wizard casts a spell at you. The magic dart hits you!
You die...

..............# ....
#..............#.....
#..............#.....
#...............>....
#........o.....#.....
#....#.............s.
#..........@...#...[
#.....(oo.o....#....
#....@.os......%...#
#####..........#####
#..........#
##........##
##......## ########


You could see Sigmund (invisible), a scorpion, an orc priest, 2 orc wizards and
2 orcs.

Vanquished Creatures
  A scorpion (D:4)
  A bullfrog skeleton (D:4)
  Ijyb (D:3)
  Natasha (thrice) (D:3)
  An orc wizard (D:3)
  A worker ant (D:4)
  An adder (D:4)
  2 worms
  A dart slug (D:2)
  3 leopard geckos
  11 orcs
  A ball python (D:1)
  8 bats
  A giant cockroach (D:4)
  A goblin (D:2)
  3 hobgoblins
  5 kobolds
  2 quokkas (D:2)
  2 frilled lizards
  A leopard gecko skeleton (D:4)
  2 rats
52 creatures vanquished.

Notes
Turn   | Place    | Note
-------+----------+-------------------------------------------
     0 | D:1      | H0rd4k the Deep Elf Wizard began the quest for the Orb.
     0 | D:1      | Reached XP level 1. HP: 10/10 MP: 7/7
    77 | D:1      | Reached skill level 5 in Spellcasting
   135 | D:1      | Reached XP level 2. HP: 15/15 MP: 3/10
  1552 | D:3      | Reached XP level 3. HP: 19/19 MP: 4/12
  1752 | D:2      | Learned a level 2 spell: Blink
  1756 | D:2      | Learned a level 3 spell: Conjure Flame
  1760 | D:2      | Learned a level 3 spell: Mephitic Cloud
  2000 | D:3      | Noticed Natasha
  2297 | D:3      | Reached skill level 6 in Spellcasting
  2507 | D:3      | Killed Natasha
  2507 | D:3      | Reached XP level 4. HP: 22/24 MP: 4/14
  2659 | D:3      | Noticed Natasha
  2667 | D:3      | Killed Natasha
  2900 | D:3      | Found a shimmering altar of Xom.
  2901 | D:3      | Found a shimmering altar of Xom.
  2902 | D:3      | Found a shimmering altar of Xom.
  2902 | D:3      | Found a shimmering altar of Xom.
  3122 | D:3      | Noticed Natasha
  3132 | D:3      | Killed Natasha
  3132 | D:3      | Reached XP level 5. HP: 21/28 MP: 4/15
  3242 | D:3      | Found a shimmering altar of Xom.
  3331 | D:4      | Noticed Ijyb
  3368 | D:3      | Killed Ijyb
  3548 | D:4      | Reached skill level 7 in Spellcasting
  3671 | D:4      | Reached XP level 6. HP: 30/33 MP: 11/18
  3687 | D:4      | Learned a level 1 spell: Apportation
  4061 | D:4      | Noticed Edmund
  4113 | D:4      | Noticed Sigmund
  4119 | D:4      | Killed from afar by an orc wizard

Levels and vault maps discovered:
D:1:      minmay_arrival_glassed_features, layout_basic, minmay_misc_feat_tiny,
          minmay_misc_feat_enclosed, dk_noncrumbling_4, minmay_statues_item
D:2:      layout_basic
D:3:      layout_basic, xom_redecorated, uniq_natasha
D:4:      layout_rooms, hangedman_decor_opposing, minivault_27, uniq_edmund,
          uniq_ijyb, uniq_sigmund

Skill      XL: |  1  2  3  4  5  6 |
---------------+-------------------+-----
Spellcasting   | 5 6 7 |  7.3
Stealth        | 3 4 |  4.3
Conjurations   | 2 3 |  3.0
Dodging        | 3 |  3.1
Fighting       | |  0.3
Summonings     | |  1.1
Translocations | |  1.1

Action                   |  1- 3 |  4- 6 || total
-------------------------+-------+-------++-------
Melee: Unarmed           |       |     1 ||     1
 Cast: Magic Dart        |   104 |   115 ||   219
       Blink             |     1 |       ||     1
       Conjure Flame     |       |     2 ||     2
Evoke: Wand              |       |     3 ||     3
  Use: Scroll            |       |    11 ||    11
  Eat: Ration            |     1 |       ||     1
       Chunk             |       |     6 ||     6
Armor: Robe              |     3 |     4 ||     7
Dodge: Dodged            |    30 |    26 ||    56
